 Dungeon Crawl Stone Soup version 0.31-a0-986-g5e6e4ef867 (webtiles) character file.

Game seed: 17400919845681088486

1544 avis the Mimic (level 8, -2/51 HPs)
             Began as a Felid Shapeshifter on Nov 22, 2023.
             Slain by a komodo dragon (16 damage)
             ... on level 6 of the Dungeon.
             The game lasted 00:27:22 (5650 turns).

avis the Mimic (Felid Shapeshifter)                 Turns: 5650, Time: 00:27:24

Health: -2/51      AC: 24    Str: 14    XL:     8   Next: 56%
Magic:  9/9        EV:  4    Int: 14    God:
Gold:   416        SH:  5    Dex: 17    Spells: 7/7 levels left
                                        Lives:  0   Deaths: 3

rFire   . .          .
                       - Unarmed
rCold   . . .        (shield unavailable)
rNeg    . . .        (body armour unavailable)
rPois   +            (helmet unavailable)
rElec   .            (cloak unavailable)
rCorr   .            (gloves unavailable)
SInv    +            (boots unavailable)
Will    +....        e - amulet of reflection
Stlth   ++           h - ring of poison resistance
HPRegen 0.28/turn    x - +6 ring of intelligence
MPRegen 0.11/turn

%: random rage (3%), reflection
@: tree-form
A: stationary, stasis, torment immunity, boosted hp, very small, (claws 1),
(fangs 3), see invisible, (speed 1), (shaggy fur 2), (stealthy paws), no weapons
or thrown items, no armour, multi-lived, (antennae 1), berserk 1, dopey 1,
strong 1
a: no special abilities


You were on level 6 of the Dungeon.
You were a tree.
You visited 1 branch of the dungeon, and saw 7 of its levels.

You collected 416 gold pieces.

Inventory:

Jewellery
 e - an amulet of reflection (around neck)
 h - a ring of poison resistance (left branch)
 x - a +6 ring of intelligence (right branch)
Talismans
 b - a beast talisman
 f - a flux talisman (active)
 t - a maw talisman
 G - a granite talisman
Wands
 a - a wand of polymorph (3)
 n - a wand of mindburst (17)
 r - a wand of roots (4)
Scrolls
 d - a scroll of poison {unknown}
 g - 2 scrolls of enchant armour {unknown}
 i - a scroll of fear {unknown}
 o - a scroll of fog {unknown}
 p - a scroll of immolation {unknown}
 q - a scroll of teleportation {unknown}
 u - 2 scrolls of identify {unknown}
Potions
 c - 3 potions of curing
 j - a potion of mutation
 k - 2 potions of heal wounds {unknown}
 l - a potion of might {unknown}
 s - a potion of experience {unknown}
 v - a potion of invisibility {unknown}
 w - a potion of attraction {unknown}


   Skills:
 * Level 3.5 Fighting
 - Level 6.0 Dodging
 - Level 3.0 Unarmed Combat
 - Level 10.0 Shapeshifting


You had 7 spell levels left.
You didn't know any spells.
Your spell library was empty.

Dungeon Overview and Level Annotations

Branches:
Dungeon (7/15)
 Temple: D:4-7

Altars:
Dithmenos
Elyvilon
Makhleb
Okawaru
Ru
Sif Muna
Zin


Innate Abilities, Weirdness & Mutations

You are a tree.
Your roots penetrate the ground, keeping you stationary.
You cannot be teleported.
You are immune to unholy pain and torment.
Your maximum health is greatly increased.
((You have sharp claws.))
((You have razor-sharp teeth.))
You have supernaturally acute eyesight. (SInv)
((You cover ground quickly. (Speed+)))
((You are covered in thick fur. (AC +2)))
((Your paws help you pounce on unaware monsters.))
You are incapable of wielding weapons or throwing items.
You cannot wear armour.
You gain extra lives every three experience levels.
((You have a pair of small antennae on your head.))
You sometimes lose your temper in combat.
You are dopey. (Int -2)
Your muscles are strong. (Str +4, Int/Dex -1)


Message History

Press: ? - help, Shift-Dir - straight line, f - komodo dragon
Aim: a komodo dragon (lightly wounded)
The roots erupt in riotous growth!
Roots grab the komodo dragon.
The grasping roots constrict the komodo dragon.
The komodo dragon struggles to escape constriction.
The grasping roots constrict the komodo dragon.
The komodo dragon escapes!
Aiming: Fastroot
Press: ? - help, Shift-Dir - straight line, f/p - komodo dragon
Aim: a komodo dragon (lightly wounded)
The roots erupt in riotous growth!
Roots grab the komodo dragon.
The grasping roots constrict the komodo dragon.
The grasping roots constrict the komodo dragon.
The roots release their grip on the komodo dragon.
Aiming: Mindburst
Press: ? - help, Shift-Dir - straight line, f/p - komodo dragon
Aim: a komodo dragon (moderately wounded, chance to affect: 47%)
The komodo dragon's mind is blasted!
Your transformation has ended.
You turn into a tree.
Your roots penetrate the ground.
The komodo dragon bites you!
You smack the komodo dragon!
You punch the komodo dragon.
The komodo dragon is almost dead.
The komodo dragon bites you.
You hit the komodo dragon but do no damage.
The komodo dragon is almost dead.
The komodo dragon bites you.
You hit the komodo dragon.
The komodo dragon is almost dead.
The komodo dragon barely misses you.
You completely miss the komodo dragon.
The komodo dragon is almost dead.
The komodo dragon bites you!!
* * * LOW HITPOINT WARNING * * *
You hit the komodo dragon but do no damage.
The komodo dragon is almost dead.
The komodo dragon bites you!
You die...

####...........#####.####..#.#.#
..#####.........####.# #....#.#
#######...........##.####.####.##
###2########.............#...<..
#.#### #.###.##.######.##.##
###._.#### #.###.##.# #.#....
..#......## #........# #.#.##.
[.'...+...# ####..##.# #.####.
..#...#...# #♣.##.######......
###._.###.# #.l.#.......######
.#######..# #...#.#####.# ##
#A###..# #.........#[# ####...#
#......##.#.##### ######...#
#...#...........# #........#
###.##......###.# ##.#......#
#.#......>..#.# ...#......#
#.#......l..#.#


You could see a komodo dragon.

Vanquished Creatures
  A hornet (D:6)
  A sky beast (D:6)
  2 ice beasts (D:6)
  A black bear (D:6)
  A kobold brigand (D:4)
  4 scorpions
  2 hounds
  3 jellies
  A sleepcap (D:4)
  Jessica (D:3)
  Natasha (thrice) (D:3)
  4 iguanas
  4 orc wizards
  Terence (D:3)
  8 adders
  2 shadow imps
  2 white imps (D:6)
  A worm (D:5)
  4 dart slugs
  15 orcs
  3 ball pythons
  5 bats
  5 endoplasms
  2 giant cockroaches
  5 goblins
  5 hobgoblins
  4 kobolds
  4 quokkas
  A frilled lizard (D:3)
95 creatures vanquished.

Notes
Turn   | Place    | Note
-------+----------+-------------------------------------------
     0 | D:1      | avis the Felid Shapeshifter began the quest for the Orb.
     0 | D:1      | Reached XP level 1. HP: 9/9 MP: 2/2
   436 | D:1      | Reached XP level 2. HP: 12/12 MP: 3/3
   769 | D:2      | Reached skill level 4 in Shapeshifting
  1230 | D:3      | Found a shimmering blue altar of Sif Muna.
  1266 | D:2      | Reached XP level 3. HP: 15/15 MP: 4/4
  1592 | D:2      | Identified the +10 trident of the Slime-mould {heavy, rPois
                  | Will+++ Str-4 Int+4}
  1859 | D:2      | Reached skill level 5 in Shapeshifting
  2016 | D:3      | Reached XP level 4. HP: 13/19 MP: 5/5
  2276 | D:3      | Noticed Natasha
  2285 | D:3      | Slain by Natasha
  2303 | D:3      | Killed Natasha
  2316 | D:3      | Noticed Natasha
  2324 | D:3      | Killed Natasha
  2325 | D:3      | Reached skill level 6 in Shapeshifting
  2325 | D:3      | Reached XP level 5. HP: 16/22 MP: 6/6
  2360 | D:3      | Noticed Jessica
  2364 | D:3      | Noticed Terence
  2382 | D:3      | Killed Terence
  2385 | D:3      | Killed Jessica
  2465 | D:3      | Noticed Natasha
  2487 | D:3      | HP: 1/21 [Natasha/magic dart (9)]
  2491 | D:3      | Killed Natasha
  2591 | D:3      | HP: 1/21 [goblin/+0 dagger (2)]
  2592 | D:3      | Gained mutation: Your muscles are strong. (Str +4, Int/Dex
                  | -1) [potion of mutation]
  2592 | D:3      | Gained mutation: You sometimes lose your temper in combat.
                  | [potion of mutation]
  2592 | D:3      | Gained mutation: You are dopey. (Int -2) [potion of
                  | mutation]
  2592 | D:3      | Gained mutation: You have a pair of small antennae on your
                  | head. [potion of mutation]
  2593 | D:3      | Slain by a goblin
  2628 | D:3      | Gained mutation: You are covered in thick fur. (AC +2)
                  | [Felid growth]
  2628 | D:3      | Reached XP level 6. HP: 24/25 MP: 7/7
  2656 | D:3      | Found a faded altar of an unknown god.
  2828 | D:4      | Reached skill level 7 in Shapeshifting
  3052 | D:4      | Found a white marble altar of Elyvilon.
  3172 | D:4      | Reached XP level 7. HP: 31/31 MP: 8/8
  3276 | D:4      | Found an iron altar of Okawaru.
  3409 | D:4      | Reached skill level 5 in Dodging
  3729 | D:5      | Entered Level 5 of the Dungeon
  4305 | D:5      | Found a sacrificial altar of Ru.
  4543 | D:6      | Noticed Prince Ribbit
  4546 | D:6      | Prince Ribbit changed into Prince Ribbit the hornet
  4546 | D:6      | Noticed Prince Ribbit
  4551 | D:6      | Killed Prince Ribbit the hornet
  4552 | D:6      | Reached skill level 8 in Shapeshifting
  4596 | D:6      | Reached XP level 8. HP: 25/34 MP: 9/9
  4722 | D:6      | Reached skill level 9 in Shapeshifting
  5125 | D:6      | Found a glowing silver altar of Zin.
  5125 | D:6      | Found a burning altar of Makhleb.
  5126 | D:6      | Noticed a blizzard demon
  5126 | D:6      | Noticed an angel
  5299 | D:6      | Reached skill level 10 in Shapeshifting
  5421 | D:6      | Found a shadowy altar of Dithmenos.
  5621 | D:7      | Noticed a komodo dragon
  5631 | D:6      | Mangled by a komodo dragon
  5650 | D:6      | Slain by a komodo dragon

Illustrated notes

Levels and vault maps discovered:
D:1:      shiori_shiawase, layout_basic
D:2:      layout_basic, kennysheep_nub
D:3:      layout_rooms, overflow_temple_1_default,
          shapermc_ecumenical_altar_mp_ritualfount, uniq_terence, uniq_jessica,
          uniq_natasha
D:4:      layout_basic, okawaru_gym_becter, elyvilon_altar_5
D:5:      layout_loops_ring, lemuel_round_altar, kennysheep_small_circle
D:6:      hellmonk_destroyed_diamonds, layout_basic,
          grunt_temple_overflow_order_and_chaos_2, grunt_dithmenos_smoke,
          uniq_prince_ribbit1
D:7:      layout_cave_pools, lemuel_coloured_pillars_altar,
          kiku_gazebo_pond_becter, minmay_temple_entry_from_below_a,
          gammafunk_ghost_cemetery, serial_shops, nicolae_stop_n_shop_2,
          minmay_hollow_rounded_squares, uniq_duvessa, uniq_maggie

Skill      XL: |  1  2  3  4  5  6  7  8 |
---------------+-------------------------+-----
Shapeshifting  | 4 5 6 7 8 10 | 10.0
Fighting       | 3 |  3.5
Dodging        | 4 6 |  6.0
Unarmed Combat | |  3.0

Action                     |  1- 3 |  4- 6 |  7- 9 || total
---------------------------+-------+-------+-------++-------
  Melee: Unarmed           |    67 |   111 |   182 ||   360
         Bite              |     8 |    17 |    23 ||    48
         Punch             |       |       |     1 ||     1
  Evoke: Wand              |       |       |     6 ||     6
    Use: Potion            |     2 |     2 |     4 ||     8
   Stab: Sleeping          |     3 |       |       ||     3
 Armour: Skin              |    17 |    40 |    45 ||   102
  Dodge: Dodged            |    33 |    63 |   112 ||   208
  Block: Other             |     5 |    27 |    25 ||    57
         Reflection        |       |     2 |     2 ||     4
   Form: Flux              |     1 |       |       ||     1

Table legend: (Time is in decaauts)
 A = Elapsed time spent in this place.
 B = Non-inter-level travel time spent in this place.
 C = Inter-level travel time spent in this place.
 D = Time resting spent in this place.
 E = Time spent auto-exploring this place.
 F = Levels seen in this place.
 G = Mean time per level.
                   A        B        C        D        E       F      G
               +--------+--------+--------+--------+--------+-----+--------+
         Total |   4826 |   4416 |    410 |    799 |   2439 |   7 |  689.4 |
       Dungeon |   4826 |   4416 |    410 |    799 |   2439 |   7 |  689.4 |
               +--------+--------+--------+--------+--------+-----+--------+

Top non-repeatable levels by time:
     D:2: 917 daAuts
     D:6: 910 daAuts
     D:4: 823 daAuts
     D:3: 816 daAuts
     D:5: 753 daAuts
     D:1: 601 daAuts
     D:7: 2 daAuts
